 Seeded DCSS version 0.27-a0-95-g5a9077b8ae (webtiles) character file.

Game seed: 5125158891462947277 (custom seed)

709 tacoguy the Skirmisher (level 7, -5/62 HPs)
             Began as a Minotaur Fighter on Jan 18, 2021.
             Killed by nerve-wracking pain
             ... invoked by an orc priest
              (13 damage)
             ... on level 5 of the Dungeon.
             The game lasted 00:12:22 (4564 turns).

tacoguy the Skirmisher (Minotaur Fighter)           Turns: 4564, Time: 00:12:22

Health: -5/62      AC:  9    Str: 23    XL:     7   Next: 40%
Magic:  6/6        EV: 10    Int:  5    God:
Gold:   310        SH: 10    Dex:  9    Spells: 6/6 levels left

rFire    . . .     SeeInvis .   a - +0 war axe
rCold    + . .     Faith    .   c - +0 kite shield
rNeg     . . .     Spirit   .   m - +2 ring mail {rC+}
rPois    .         Reflect  .   (helmet restricted)
rElec    .         Harm     .   (no cloak)
rCorr    .         Rampage  .   n - +0 pair of gloves
Will     .....                  (no boots)
Stlth    ..........             (no amulet)
HPRegen  0.20/turn              (no ring)
MPRegen  0.10/turn              (no ring)

@: lethally poisoned (-5 -> -9), attractive
A: retaliatory headbutt, horns 2
a: no special abilities


You were on level 5 of the Dungeon.
You visited 1 branch of the dungeon, and saw 5 of its levels.

You collected 310 gold pieces.

Inventory:

Hand Weapons
 a - a +0 war axe (weapon)
Armour
 c - a +0 kite shield (worn)
 m - a +2 ring mail of cold resistance (worn)
 n - a +0 pair of gloves (worn)
Magical Staves
 p - an uncursed staff of air
Scrolls
 e - 2 scrolls of magic mapping {unknown}
 f - 3 scrolls of remove curse {unknown}
 g - a scroll of random uselessness {unknown}
 h - a scroll of enchant armour {unknown}
 i - 5 scrolls of identify {unknown}
 o - a scroll of teleportation {unknown}
Potions
 b - a potion of heal wounds {unknown}
 d - a potion of flight {unknown}
 j - a potion of mutation {unknown}
 k - 2 potions of haste {unknown}
 l - a potion of berserk rage {unknown}
 q - a potion of attraction


   Skills:
 + Level 5.7 Fighting
 + Level 4.8 Axes
 + Level 5.7 Armour
 + Level 3.6 Dodging
 + Level 5.7 Shields


You had 6 spell levels left.
You didn't know any spells.
Your spell library was empty.

Dungeon Overview and Level Annotations

Branches:
Dungeon (5/15)
 Temple: D:4-7

Altars:
Cheibriados
Vehumet
Zin


Innate Abilities, Weirdness & Mutations

You reflexively headbutt those who attack you in melee.
You have a pair of horns on your head.


Message History

The iguana bites you but does no damage.
You hit something. You closely miss the orc priest. You closely miss something.
You slash the jelly!
You kill the jelly!
You hit the iguana.
You feel sick.
You hear some strange, mumbled words.
A puff of flame appears from out of thin air!
The puff of flame hits you but does no damage.
You hear some strange, mumbled words.
A puff of flame appears from out of thin air!
The puff of flame hits you!
* * * LOW HITPOINT WARNING * * *
You block the orc priest's attack.
The iguana bites you but does no damage.
It was a potion of attraction.
You feel attractive to monsters.
You feel sick.
Something hits you but does no damage. x2
The orc priest mumbles some strange prayers to Beogh against you.
Pain shoots through your body!
You die...

...##...##'####...#
.?.
...........[..♣♣♣♣♣
.............♣♣♣♣♣♣♣♣
...........♣♣P≈P≈≈P♣
...##......≈♣≈≈≈≈≈≈P≈
.........♣≈♣P≈≈≈≈≈..P
##.###...♣≈P≈≈..≈....
w#_#w#......l........
######.......@{≈..≈.≈
.#w#.......≈≈{o.≈≈≈≈≈
.###....###♣≈≈≈≈≈P≈P≈
.......## #♣≈≈≈≈≈≈≈≈
####### #♣P≈≈≈≈≈≈
PP≈≈P≈≈ ≈≈≈P≈P≈
♣♣♣♣♣♣#


You could see an iguana and an orc priest.

Vanquished Creatures
  2 ogres (D:4)
  A scorpion (D:4)
  2 hounds
  A jelly (D:5)
  A gnoll shaman (D:5)
  4 orc wizards (D:3)
  3 worker ants
  5 gnolls
  5 adders
  A white imp (D:5)
  A worm (D:5)
  5 leopard geckos
  13 orcs
  6 giant cockroaches
  8 goblins
  7 hobgoblins
  3 jackals (D:3)
  9 kobolds
  4 quokkas
  A ball python (D:3)
  4 bats
  5 frilled lizards
  5 rats
96 creatures vanquished.

Vanquished Creatures (others)
  5 fungi (D:1)
  2 plants (D:5)
  5 toadstools (D:1)
12 creatures vanquished.

Grand Total: 108 creatures vanquished

Notes
Turn   | Place    | Note
-------+----------+-------------------------------------------
     0 | D:1      | tacoguy the Minotaur Fighter began the quest for the Orb.
     0 | D:1      | Reached XP level 1. HP: 19/19 MP: 0/0
   347 | D:1      | Reached XP level 2. HP: 20/27 MP: 1/1
   755 | D:2      | Noticed an ogre
   770 | D:2      | Reached skill level 1 in Dodging
   770 | D:2      | Reached XP level 3. HP: 30/33 MP: 2/2
   969 | D:2      | Found a faded altar of an unknown god.
  1465 | D:3      | Found a glowing silver altar of Zin.
  1544 | D:3      | Reached XP level 4. HP: 36/41 MP: 3/3
  1556 | D:3      | Found a radiant altar of Vehumet.
  1789 | D:3      | Reached XP level 5. HP: 12/47 MP: 4/4
  2685 | D:4      | Noticed an ogre
  2691 | D:4      | Killed an ogre
  2692 | D:4      | Reached skill level 5 in Fighting
  2692 | D:4      | Reached skill level 5 in Armour
  2692 | D:4      | Reached skill level 5 in Shields
  2692 | D:4      | Reached XP level 6. HP: 54/56 MP: 5/5
  3498 | D:5      | Entered Level 5 of the Dungeon
  3883 | D:4      | Reached XP level 7. HP: 25/61 MP: 6/6
  4544 | D:5      | Noticed a torpor snail
  4547 | D:5      | Found a snail-covered altar of Cheibriados.
  4547 | D:5      | Noticed a torpor snail
  4549 | D:5      | Noticed a torpor snail
  4564 | D:5      | Killed from afar by an orc priest

Illustrated notes

Levels and vault maps discovered:
D:1:      dpeg_arrival_pits, layout_rooms, minmay_misc_feat_secret_circle,
          minmay_gold_behind_fungi, minmay_surrounded
D:2:      layout_basic, chequers_ecumenical_altar_island, lightli_corner_chamber
D:3:      layout_basic, zin_academy, vehumet_crystals, bh_walls_and_bars
D:4:      layout_basic
D:5:      wander_river, layout_gridville, cheibriados_altar_2,
          minmay_temple_entry_statues_fountains, gup_sewer_entry_spiral,
          serial_bayou_ford_a, chequers_serial_rivers_small_3,
          minmay_fire_ice_demons

Skill      XL: |  1  2  3  4  5  6 |
---------------+-------------------+-----
Fighting       | 4 5 |  5.7
Armour         | 4 5 |  5.7
Dodging        | 1 2 3 |  3.6
Shields        | 4 5 |  5.7
Axes           | 3 4 |  4.8

Action                   |  1- 3 |  4- 6 |  7- 9 || total
-------------------------+-------+-------+-------++-------
Melee: War axe           |    94 |    82 |    49 ||   225
       Headbutt          |    11 |    13 |     4 ||    28
  Use: Potion            |       |     1 |     1 ||     2
Armor: Scale mail        |    47 |       |       ||    47
       Ring mail         |     5 |    34 |    38 ||    77
Dodge: Dodged            |    34 |    26 |    28 ||    88
Block: Kite shield       |    60 |    47 |    35 ||   142

Table legend: (Time is in decaauts)
 A = Elapsed time spent in this place.
 B = Non-inter-level travel time spent in this place.
 C = Inter-level travel time spent in this place.
 D = Time resting spent in this place.
 E = Time spent auto-exploring this place.
 F = Levels seen in this place.
 G = Mean time per level.
                   A        B        C        D        E       F      G
               +--------+--------+--------+--------+--------+-----+--------+
         Total |   4729 |   4324 |    405 |    601 |   2680 |   5 |  945.8 |
       Dungeon |   4729 |   4324 |    405 |    601 |   2680 |   5 |  945.8 |
               +--------+--------+--------+--------+--------+-----+--------+

Top non-repeatable levels by time:
     D:4: 1527 daAuts
     D:3: 1283 daAuts
     D:2: 792 daAuts
     D:1: 677 daAuts
     D:5: 448 daAuts
